 Dungeon Crawl Stone Soup version 0.29-a0-304-gb34f9e1 (webtiles) character file.

Game seed: 12914799914283942136

37 Think the Cutter (level 3, -1/26 HPs)
             Began as an Octopode Fighter on Mar 25, 2022.
             Slain by Terence
             ... wielding a +0 mace
              (7 damage)
             ... on level 2 of the Dungeon.
             The game lasted 00:03:36 (1438 turns).

Think the Cutter (Octopode Fighter)                 Turns: 1438, Time: 00:03:37

Health: -1/26      AC:  1    Str: 15    XL:     3   Next: 41%
Magic:  3/3        EV: 13    Int: 12    God:
Gold:   84         SH:  4    Dex: 11    Spells: 2/2 levels left

rFire   . . .      SeeInvis .   d - +0 short sword (drain)
rCold   . . .      Faith    .   b - +0 buckler
rNeg    . . .      Spirit   .   (helmet restricted)
rPois   .          Reflect  .   (no amulet)
rElec   .          Harm     .   (no ring)
rCorr   .          Rampage  .   (no ring)
Will    .....                   (no ring)
Stlth   ++........              (no ring)
HPRegen 0.08/turn               (no ring)
MPRegen 0.08/turn               (no ring)
                                (no ring)
                                (no ring)

@: no status effects
A: almost no armour, amphibious, 8 rings, camouflage 1, gelatinous body 1,
(nimble swimmer 1), tentacles
a: no special abilities


You were on level 2 of the Dungeon.
You visited 1 branch of the dungeon, and saw 2 of its levels.

You collected 84 gold pieces.

Inventory:

Hand Weapons
 a - a +0 rapier
 d - a +0 short sword of draining (weapon)
Armour
 b - a +0 buckler (worn)
Scrolls
 c - a scroll of teleportation {unknown}
 e - 3 scrolls of identify {unknown}
 f - a scroll of vulnerability {unknown}


   Skills:
 - Level 3.0 Fighting
 + Level 3.7 Short Blades
 - Level 3.0 Dodging
 - Level 3.0 Shields


You had 2 spell levels left.
You didn't know any spells.
Your spell library contained the following spells:

 Spells                   Type           Power      Damage    Failure   Level
 Sublimation of Blood     Necr           0%         N/A       54%         2
 Tukima's Dance           Hex            0%         N/A       78%         3
 Animate Dead             Necr           0%         N/A       99%         4
 Passage of Golubria      Tloc           0%         N/A       99%         4
 Petrify                  Tmut/Erth      0%         N/A       99%         4
 Irradiate                Conj/Tmut      0%         3d13      100%        5
 Yara's Violent Unravell  Hex/Tmut       0%         3d3       100%        5
 Haunt                    Necr/Summ      0%         N/A       100%        7
 Infestation              Necr           0%         N/A       100%        8


Dungeon Overview and Level Annotations

Branches:
Dungeon (2/15)

Altars:

Shops:
D:1 *!(:(

Annotations:
D:2 Terence


Innate Abilities, Weirdness & Mutations

You cannot wear most types of armour.
You are amphibious.
You can wear up to eight rings at the same time.
Your skin changes colour to match your surroundings (Stealth+).
Your rubbery body absorbs attacks. (AC +1, EV +1)
((You are camouflaged when in or above water. (Stealth+)))
You have tentacles for arms and can constrict up to eight enemies at once.


Message History

No target in view!
No target in view!
No target in view!
Key pressed, stopping explore.
Found a dagger.
Terence the Incautious comes into view.
He is wielding a +0 mace and wearing a +2 ring mail of fire resistance.
You see here a purple potion.
Terence is nearby!
Terence is nearby!
Terence shouts!
Terence hits you with a +0 mace.
You hit Terence but do no damage. Your grab misses Terence.
Your squeeze misses Terence. Terence hits you with a +0 mace!
You hit Terence. You drain Terence. Your grab misses Terence.
Terence is lightly wounded.
Terence hits you with a +0 mace.
You are too injured to fight recklessly!
It was a potion of magic.
Magic courses through your body. Terence misses you.
You closely miss Terence. You grab Terence.
Terence is lightly wounded.
You constrict Terence, but do no damage.
Terence asks, "Do you want it fast or slow?"
Terence misses you.
You hit Terence. You squeeze Terence, but do no damage.
Terence is lightly wounded.
You constrict Terence, but do no damage.
Terence hits you with a +0 mace.
You hit Terence. You drain Terence.
Terence is heavily wounded.
You constrict Terence. You block Terence's attack.
You hit Terence but do no damage.
Terence is heavily wounded.
You constrict Terence, but do no damage.
Terence hits you with a +0 mace.
* * * LOW HITPOINT WARNING * * *
You hit Terence.
Terence is severely wounded.
You constrict Terence, but do no damage.
Terence hits you with a +0 mace!
You die...

...####.#..........#####.####
#.###........# #...... #.#
##.###.### #..#### #.# #.#
#.# #..# #.# #.# #.# #..# ..#
#.###.# #..# .## #.....#
##..# #.###############...#
......@@...!.......##
#.###############.## #)# #.#
#.# ..# ###


You could see Terence (very drained).

Vanquished Creatures
  2 adders (D:2)
  A ball python (D:2)
  3 endoplasms (D:1)
  2 goblins (D:1)
  A hobgoblin (D:1)
  3 kobolds (D:1)
  2 quokkas
  2 bats (D:1)
  A frilled lizard (D:1)
  A rat (D:1)
18 creatures vanquished.

Notes
Turn   | Place    | Note
-------+----------+-------------------------------------------
     0 | D:1      | Think the Octopode Fighter began the quest for the Orb.
     0 | D:1      | Reached XP level 1. HP: 16/16 MP: 1/1
   139 | D:1      | Found Mamavon's Distillery.
   213 | D:1      | Found Otrusyuscha's Antique Weapon Shoppe.
   218 | D:1      | Reached XP level 2. HP: 21/21 MP: 2/2
   548 | D:1      | Found Irecuobb's Book Shoppe.
   659 | D:1      | Found Kohaptoih's Antique Weapon Boutique.
   865 | D:1      | Found Miosall's Assorted Antiques.
   974 | D:1      | Found a faded altar of an unknown god.
  1223 | D:2      | Reached XP level 3. HP: 26/26 MP: 3/3
  1426 | D:2      | Noticed Terence
  1438 | D:2      | Slain by Terence

Illustrated notes

Levels and vault maps discovered:
D:1:      elethiomel_arrival_shortcut, layout_rooms,
          hellmonk_ecumenical_altar_inner_sanctum, serial_shops,
          nicolae_square_shop, nicolae_shop_temple_entry_statues_fountains,
          nicolae_shop_advertising_works [nicolae_subvault_shop_adworks], shop,
          shop, serial_glass, glass_columns_b, glass_columns_a, feat_on_display,
          due_unseen_surprise, item_on_display_a,
          chequers_serial_rivers_small_3, grunt_decor_one_mirror,
          dk_noncrumbling_2
D:2:      layout_loops_ring, uniq_natasha, uniq_terence

Skill      XL: |  1  2 |
---------------+-------+-----
Short Blades   | 3 |  3.7
Fighting       | |  3.0
Dodging        | |  3.0
Shields        | |  3.0

Action                   || total
-------------------------++-------
Melee: Short sword       ||    33
       Rapier            ||     4
       Constrict         ||     7
       Tentacles         ||     6
  Use: Potion            ||     2
 Stab: Sleeping          ||     8
Dodge: Dodged            ||    15
Block: Buckler           ||     4

Table legend: (Time is in decaauts)
 A = Elapsed time spent in this place.
 B = Non-inter-level travel time spent in this place.
 C = Inter-level travel time spent in this place.
 D = Time resting spent in this place.
 E = Time spent auto-exploring this place.
 F = Levels seen in this place.
 G = Mean time per level.
                   A        B        C        D        E       F      G
               +--------+--------+--------+--------+--------+-----+--------+
         Total |   1437 |   1429 |      8 |    202 |   1083 |   2 |  718.5 |
       Dungeon |   1437 |   1429 |      8 |    202 |   1083 |   2 |  718.5 |
               +--------+--------+--------+--------+--------+-----+--------+

Top non-repeatable levels by time:
     D:1: 1206 daAuts
     D:2: 231 daAuts
